AoeStats
← jessewald9

Arabia

509503485Analyzed
1v1 RM · 5d ago on Sep 27, 2026· 30m 16s· 2 players
Game mode
Random Map
Map size
Tiny (2 player)
Population
200
Speed
Normal
Resources
Standard
Victory
Conquest
Starting age
Dark Age
Ending age
Imperial Age
RankedLock teamsTeams togetherTeam positionsShared explorationLock speedFull tech treeHidden civsTurbo modeCheats
Victory
Defeat
🇦🇷 Khitans · Argentina
908
+18
🇨🇦 Varangians · Canada
946
-18
jessewald9
3:47 Loom
10:28 Feudal Age
16:51 Castle Age
15:00 Double-Bit Axe
15:17 Horse Collar
18:28 Forging
18:44 Gold Mining
22:17 Town Watch
23:16 Wheelbarrow
24:28 Husbandry
25:06 Pikeman
30:58 Iron Casting
Sir Frankeitor
5:02 Loom
12:17 Feudal Age
21:04 Castle Age
19:15 Double-Bit Axe
19:13 Domestication
22:41 Forging
23:29 Wheelbarrow
24:37 Light Cavalry
25:18 Husbandry
25:34 Gold Mining
25:50 Pastoralism
27:40 Iron Casting
Connection lost

Rejoining the realm…

Still unreachable

The connection could not be restored.

Session expired

The server has moved on; the page needs a fresh start.